 Dungeon Crawl Stone Soup version 0.27.1 (webtiles) character file.

Game seed: 4358594696833605882

112 Atelerd the Digger (level 4, -4/27 HPs)
             Began as an Octopode Earth Elementalist on Sept 2, 2021.
             Slain by a scorpion (9 damage)
             ... on level 3 of the Dungeon.
             The game lasted 00:02:20 (2691 turns).

Atelerd the Digger (Octopode Earth Elementalist)    Turns: 2691, Time: 00:02:21

Health: -4/27      AC:  1    Str:  7    XL:     4   Next: 93%
Magic:  8/8        EV: 13    Int: 18    God:
Gold:   89         SH:  0    Dex: 12    Spells: 8/9 levels left

rFire    . . .     SeeInvis .   d - +0 dagger
rCold    . . .     Faith    .   (no shield)
rNeg     . . .     Spirit   .   (helmet restricted)
rPois    .         Reflect  .   (no amulet)
rElec    .         Harm     .   (no ring)
rCorr    .         Rampage  .   (no ring)
Will     .....                  (no ring)
Stlth    ++........             (no ring)
HPRegen  0.09/turn              (no ring)
MPRegen  0.11/turn              (no ring)
                                (no ring)
                                (no ring)

@: confused, lethally poisoned (-4 -> -11), ambrosia-drunk
A: almost no armour, amphibious, 8 rings, camouflage 1, gelatinous body 1,
(nimble swimmer 1), tentacles
a: no special abilities


You were on level 3 of the Dungeon.
You visited 1 branch of the dungeon, and saw 3 of its levels.

You collected 89 gold pieces.

Inventory:

Hand Weapons
 d - a +0 dagger (weapon)
Missiles
 b - 35 stones
Jewellery
 g - a ring of flight
Wands
 j - a wand of iceblast (6)
Scrolls
 c - 2 scrolls of enchant weapon {unknown}
 h - a scroll of blinking {unknown}
 k - a scroll of teleportation {unknown}
 l - a scroll of identify {unknown}
 n - a scroll of vulnerability {unknown}
 p - a scroll of magic mapping {unknown}
Potions
 a - a potion of cancellation {unknown}
 e - a potion of attraction {unknown}
 i - a potion of heal wounds {unknown}
 m - a potion of curing {unknown}
 o - a potion of flight {unknown}


   Skills:
 - Level 2.0 Dodging
 - Level 2.6 Stealth
 + Level 3.0 Spellcasting
 + Level 2.6 Transmutations
 + Level 3.9 Earth Magic


You had 8 spell levels left.
You knew the following spells:

 Your Spells              Type           Power      Damage    Failure   Level
a - Sandblast             Erth           34%        2d9       3%          1

Your spell library contained the following spells:

 Spells                   Type           Power      Damage    Failure   Level
 Passwall                 Tmut/Erth      11%        N/A       6%          2
 Stone Arrow              Conj/Erth      18%        3d8       22%         3
 Petrify                  Tmut/Erth      14%        N/A       38%         4
 Fireball                 Conj/Fire      1%         3d3       99%         5
 Iskenderun's Battlesphe  Conj           2%         2d6       99%         5
 Conjure Ball Lightning   Conj/Air       1%         3x3d6     100%        6
 Orb of Destruction       Conj           1%         N/A       100%        7


Dungeon Overview and Level Annotations

Branches:
Dungeon (3/15)

Altars:
Uskayaw


Innate Abilities, Weirdness & Mutations

You cannot wear most types of armour.
You are amphibious.
You can wear up to eight rings at the same time.
Your skin changes colour to match your surroundings (Stealth+).
Your rubbery body absorbs attacks. (AC +1, EV +1)
((You are camouflaged near water. (Stealth+)))
You have tentacles for arms and can constrict up to eight enemies at once.


Message History

You barely miss the gnoll. You grab the gnoll.
The gnoll is severely wounded.
You constrict the gnoll. The gnoll barely misses you.
There are monsters nearby!
You hit the gnoll but do no damage. You squeeze the gnoll.
You kill the gnoll!
The bat hits you but does no damage.
You hit the bat. Your grab misses the bat.
The bat is moderately wounded.
The bat hits you. The bat closely misses you.
A bat is nearby!
You miss the bat. Your grab misses the bat.
The bat is moderately wounded.
The bat hits you.
A bat is nearby!
A scorpion comes into view.
The bat barely misses you.
You closely miss the bat. Your grab misses the bat. The bat hits you.
There are monsters nearby!
The bat hits you but does no damage.
There are monsters nearby!
You closely miss the scorpion. Your grab misses the scorpion.
The scorpion stings you!
You are poisoned.
The scorpion poisons you! The bat barely misses you.
There are monsters nearby!
You barely miss the scorpion. Your grab misses the scorpion.
You feel very sick. The bat barely misses you. The scorpion stings you!
* * * LOW HITPOINT WARNING * * *
There is a lethal amount of poison in your body!
You are too injured to fight recklessly!
Unknown command.
Okay, then.
It was a potion of ambrosia.
You are confused.
You feel invigorated.
* * * LOW HITPOINT WARNING * * *
You feel sick. The scorpion stings you!
You die...

#### ..# #.# .... ###.#### )<...
.##s@...## ..... ##.#.b#)#..#
..... ####.....##.##.##
#.#.###.#..#.#. ###...###
#.#[##.#..## ## #......# ##
#..>..###..###[ ###.....########[
#....####..##..##.##.........##.#
##....##|..###..#.#.....#........
###.##.#..##.##.........#.##.##.#


You could see a scorpion and a bat.

Vanquished Creatures
  A howler monkey zombie (D:3)
  A gnoll (D:3)
  4 adders
  A dart slug (D:2)
  3 ball pythons
  7 bats
  6 endoplasms
  5 giant cockroaches
  6 goblins
  5 hobgoblins
  A quokka (D:1)
  4 frilled lizards
  A kobold (D:3)
  6 rats
51 creatures vanquished.

Notes
Turn   | Place    | Note
-------+----------+-------------------------------------------
     0 | D:1      | Atelerd the Octopode Earth Elementalist began the quest for
                  | the Orb.
     0 | D:1      | Reached XP level 1. HP: 11/11 MP: 3/3
   445 | D:1      | Reached XP level 2. HP: 17/17 MP: 1/5
   613 | D:1      | Found a faded altar of an unknown god.
  1318 | D:2      | Reached XP level 3. HP: 21/21 MP: 6/6
  1442 | D:2      | Found a hide-covered altar of Uskayaw.
  1726 | D:2      | Reached XP level 4. HP: 27/27 MP: 8/8
  2686 | D:3      | Noticed a scorpion
  2691 | D:3      | Slain by a scorpion

Illustrated notes

Levels and vault maps discovered:
D:1:      roderic_crossed_star, layout_loops_corners,
          shapermc_ecumenical_altar_starsandcircs
D:2:      layout_rooms, basic_altar, dk_noncrumbling_3, minmay_strange_pillars,
          grunt_ministairs_10, minmay_ruptured
D:3:      layout_loops_ring, minmay_between

Skill      XL: |  1  2  3  4 |
---------------+-------------+-----
Transmutations | 2 |  2.6
Spellcasting   | 3 |  3.0
Dodging        | |  2.0
Stealth        | |  2.6
Earth Magic    | |  3.9

Action                   |  1- 3 |  4- 6 || total
-------------------------+-------+-------++-------
Melee: Unarmed           |    20 |       ||    20
       Constrict         |     9 |    12 ||    21
       Tentacles         |     4 |     8 ||    12
       Dagger            |    19 |    54 ||    73
 Cast: Sandblast         |    28 |       ||    28
  Use: Potion            |       |     1 ||     1
 Stab: Sleeping          |     4 |     6 ||    10
Armor: Skin              |     6 |     8 ||    14
Dodge: Dodged            |    29 |    38 ||    67
